 Dungeon Crawl Stone Soup version 0.20.1-1-g8b1a95d (webtiles) character file.

43 vatarom the Gusty (level 3, 0/20 HPs)
             Began as a Tengu Air Elementalist on Oct 18, 2017.
             Succumbed to an adder's poison
             ... on level 4 of the Dungeon.
             The game lasted 00:03:00 (1390 turns).

vatarom the Gusty (Tengu Air Elementalist)          Turns: 1390, Time: 00:03:01

Health: 0/20       AC:  2    Str:  8    XL:     3   Next: 58%
Magic:  0/7        EV: 12    Int: 16    God:
Gold:   69         SH:  0    Dex: 14    Spells: 1/7 levels left

rFire    . . .     SeeInvis .   b - +0 mace
rCold    . . .     Gourm    .   (no shield)
rNeg     . . .     Faith    .   e - +0 robe
rPois    .         Spirit   .   (helmet restricted)
rElec    .         Reflect  .   (no cloak)
rCorr    .         Harm     .   (no gloves)
MR       .....                  (boots unavailable)
Stlth    ++........             (no amulet)
Regen    0.1/turn               (no ring)
MPRegen  0.1/turn               (no ring)

@: lethally poisoned (0 -> -17)
A: beak, talons 3
a: no special abilities


You were on level 4 of the Dungeon.
You were not hungry.

You visited 1 branch of the dungeon, and saw 3 of its levels.

You collected 69 gold pieces.

Inventory:

Hand Weapons
 a - a cursed -3 hunting sling
 b - a +0 mace (weapon)
Armour
 e - a +0 robe (worn)
Wands
 f - a wand of acid (7/15)
Scrolls
 i - a scroll of remove curse {unknown}
 j - 2 scrolls of identify {unknown}
Potions
 g - 2 potions of haste {unknown}
 h - a potion of lignification {unknown}
 k - a potion of berserk rage {unknown}
Books
 d - a book of Air

   Spells                             Type                      Level
   a - Shock                          Conjuration/Air              1
   b - Swiftness                      Charms/Air                   2
   c - Static Discharge               Conjuration/Air              3
   d - Airstrike                      Air                          4
   e - Lightning Bolt                 Conjuration/Air              5
Comestibles
 c - a bread ration
 l - a chunk of flesh


   Skills:
 + Level 0.6 Fighting
 - Level 2.1 Dodging
 - Level 2.0 Stealth
 * Level 2.5 Spellcasting
 + Level 1.7 Conjurations
 * Level 5.1 Air Magic


You had one spell level left.
You knew the following spells:

 Your Spells              Type           Power        Failure   Level  Hunger
a - Shock                 Conj/Air       ##..         4%          1    #......
b - Swiftness             Chrm/Air       ##......     11%         2    ##.....
c - Static Discharge      Conj/Air       ##......     14%         3    ###....


Dungeon Overview and Level Annotations

Branches:
Dungeon (2/15)

Altars:


Innate Abilities, Weirdness & Mutations

You have a beak for a mouth.
You have claws for feet.


Message History

* * * LOW HITPOINT WARNING * * *
Casting: Shock
Confirm with . or Enter, or press ? or * to list all spells.
Aiming: Shock
Press: ? - help, Shift-Dir - straight line, f/p - adder
Aim: an adder (almost dead)
The zap misses the adder.
* * * LOW HITPOINT WARNING * * *
You feel sick. The adder bites you.
* * * LOW HITPOINT WARNING * * *
You are more poisoned.
The adder poisons you! The adder closely misses you.
Casting: Shock
Confirm with . or Enter, or press ? or * to list all spells.
Aiming: Shock
Press: ? - help, Shift-Dir - straight line, f/p - adder
Aim: an adder (almost dead)
The zap hits the adder.
You kill the adder!
You die...

#...#^..# ....
#.......###
....
#.........#
.....
........#.#
...# #.......#
....#
##.##.####....#
#....##l.(..#
#..#.##.#
#.)..##@#
#.......#
........####
#.####...#
#...# ##..#
#..# #.>. ####


You could see an iguana.

Vanquished Creatures
  An adder (D:4)
  A worm (D:4)
  A dart slug (D:1)
  2 leopard geckos (D:1)
  4 goblins (D:1)
  3 hobgoblins (D:1)
  4 kobolds (D:1)
  5 bats (D:1)
  6 rats
27 creatures vanquished.

Notes
Turn   | Place    | Note
-------+----------+-------------------------------------------
     0 | D:1      | vatarom the Tengu Air Elementalist began the quest for the Orb.
     0 | D:1      | Reached XP level 1. HP: 10/10 MP: 4/4
   312 | D:1      | Reached XP level 2. HP: 15/15 MP: 4/6
   745 | D:1      | Reached XP level 3. HP: 20/20 MP: 4/7
   749 | D:1      | Learned a level 2 spell: Swiftness
   753 | D:1      | Learned a level 3 spell: Static Discharge
  1316 | D:2      | You fall through a shaft for 2 floors!
  1325 | D:4      | Reached skill level 5 in Air Magic
  1389 | D:4      | HP: 1/20 [adder (4)]
  1390 | D:4      | Succumbed to an adder's poison

Skill      XL: |  1  2  3 |
---------------+----------+-----
Air Magic      | 5 |  5.1
Fighting       | |  0.6
Dodging        | |  2.1
Stealth        | |  2.0
Spellcasting   | |  2.5
Conjurations   | |  1.7

Action                   || total
-------------------------++-------
Melee: Mace              ||    10
       Kick              ||     3
       Peck              ||     2
 Cast: Shock             ||    55
  Eat: Chunk             ||     2
Armor: Robe              ||     6
Dodge: Dodged            ||    19
